 Dungeon Crawl Stone Soup version 0.25-a0-1071-g2607d5cfa1 (webtiles) character file.

Game seed: 18412621821711049433, levelgen mode: deterministic

596 karf the Sneak (level 7, -4/53 HPs)
             Began as a Demonspawn Assassin on May 14, 2020.
             Was a Follower of Wu Jian.
             Slain by a hippogriff (8 damage)
             ... on level 5 of the Dungeon.
             The game lasted 00:06:22 (3564 turns).

karf the Sneak (Demonspawn Assassin)                Turns: 3564, Time: 00:06:22

Health: -4/53      AC:  6    Str: 12    XL:     7   Next: 17%
Magic:  7/7        EV: 13    Int: 12    God:    Wu Jian [*.....]
Gold:   227        SH:  0    Dex: 16    Spells: 6/6 levels left

rFire    x . .     SeeInvis .   g - +2 long sword (vorpal)
rCold    + . .     Gourm    .   (no shield)
rNeg     . . .     Faith    .   h - +0 leather armour
rPois    .         Spirit   .   (helmet restricted)
rElec    .         Reflect  .   c - +0 cloak
rCorr    .         Harm     .   (no gloves)
MR       .....                  (no boots)
Stlth    +++.......             (no amulet)
HPRegen  0.17/turn              i - ring of ice
MPRegen  0.10/turn              (no ring)

@: no status effects
A: antennae 1, thin metallic scales 1, demonic guardian 1, spiny 1
a: Renounce Religion


You were on level 5 of the Dungeon.
You worshipped Wu Jian.
Wu Jian was aware of your devotion.
You were not hungry.

You visited 1 branch of the dungeon, and saw 5 of its levels.

You collected 227 gold pieces.

Inventory:

Hand Weapons
 a - a +2 dagger
 g - a +2 vorpal long sword (weapon)
Missiles
 d - 19 poisoned darts (quivered)
 e - 2 curare-tipped darts
Armour
 c - a +0 cloak (worn)
 h - a +0 leather armour (worn)
Jewellery
 i - a ring of ice (left hand)
 s - an uncursed ring of stealth {unknown}
Wands
 b - a wand of clouds (3)
 u - a wand of flame (15)
Scrolls
 k - 3 scrolls of remove curse
 m - a scroll of amnesia
 p - 2 scrolls of identify {@r1}
 r - 2 scrolls of fear {unknown}
Potions
 j - 2 potions of heal wounds
 l - a potion of cancellation
 n - a potion of flight {unknown}
 o - a potion of invisibility {unknown}
 q - a potion of curing {unknown}
 v - a potion of haste {unknown}
Comestibles
 f - 10 rations


   Skills:
 + Level 3.7 Fighting
 - Level 3.5(4.4) Short Blades
 * Level 3.9(4.6) Long Blades
 - Level 1.7 Throwing
 + Level 2.9 Dodging
 - Level 4.3 Stealth


You had 6 spell levels left.
You didn't know any spells.
Your spell library was empty.

Dungeon Overview and Level Annotations

Branches:
Dungeon (5/15)
 Temple: D:4-7

Altars:
Ashenzari
Cheibriados
Hepliaklqana
Vehumet
Wu Jian
Xom


Innate Abilities, Weirdness & Mutations

You have a pair of small antennae on your head.
You are partially covered in thin metallic scales. (AC +2)
A weak demonic guardian rushes to your aid.
You are partially covered in sharp spines.


Message History

The hippogriff closely misses you.
You riposte.
You closely miss the hippogriff.
The hippogriff is moderately wounded.
The hippogriff pecks you.
The hippogriff claws you but does no damage.
A gnoll comes into view. It is wielding a +0 flail.
Your iron imp hits the hippogriff!
The hippogriff is struck by your spines.
The hippogriff bites you! The hippogriff barely misses you.
The hippogriff claws you!
* * * LOW HITPOINT WARNING * * *
The gnoll shouts!
You hit the hippogriff.
The hippogriff is severely wounded.
An iguana comes into view.
Your iron imp closely misses the hippogriff.
The hippogriff bites you!
* * * LOW HITPOINT WARNING * * *
The hippogriff barely misses you. The hippogriff claws you!
You die...

.......# #.# #..(
....#..# .. ####[...
......##.# #.....#
.....#..######.....#
#..............####
######....######........
......5......5.......÷.#
#####.H#######.#..#....
#.@.# ##.#.÷.5#._
#.#.#####......÷H÷.
#g#.......##..#...#
..#....#.###.##....
#....##.l.##..###)..
#..####.###..## #### #g#
......# ... ....... #
.## ....... #


You could see a hippogriff, an iguana (wandering), 2 gnolls and a friendly iron
imp (summoned).

Vanquished Creatures
  A sky beast (D:5)
  An ogre (D:3)
  A centaur (D:5)
  A howler monkey (D:3)
  A crimson imp (D:5)
  2 hounds (D:4)
  An iguana (D:4)
  A worker ant (D:5)
  7 adders
  4 worms
  2 dart slugs
  6 leopard geckos
  7 orcs
  6 bats
  5 giant cockroaches
  12 goblins
  8 hobgoblins
  5 jackals
  A quokka (D:2)
  4 frilled lizards
  9 kobolds
  10 rats
95 creatures vanquished.

Notes
Turn   | Place    | Note
-------+----------+-------------------------------------------
     0 | D:1      | karf the Demonspawn Assassin began the quest for the Orb.
     0 | D:1      | Reached XP level 1. HP: 16/16 MP: 1/1
   129 | D:1      | Gained mutation: You are partially covered in sharp spines.
                  | [demonic ancestry]
   129 | D:1      | Reached XP level 2. HP: 21/22 MP: 2/2
   408 | D:1      | Reached skill level 4 in Stealth
   463 | D:1      | Reached XP level 3. HP: 26/27 MP: 3/3
   814 | D:2      | Found a hazy altar of Hepliaklqana.
   862 | D:2      | Found a shattered altar of Ashenzari.
  1338 | D:2      | Gained mutation: A weak demonic guardian rushes to your
                  | aid. [demonic ancestry]
  1338 | D:2      | Reached XP level 4. HP: 33/33 MP: 4/4
  1365 | D:2      | Found a shimmering altar of Xom.
  1366 | D:2      | Found a snail-covered altar of Cheibriados.
  1557 | D:3      | Found an ornate altar of the Wu Jian Council.
  1599 | D:3      | Reached skill level 1 in Dodging
  1605 | D:3      | Became a worshipper of the Wu Jian Council
  1760 | D:3      | Noticed an ogre
  1773 | D:3      | Killed an ogre
  1773 | D:3      | Reached skill level 1 in Long Blades
  1773 | D:3      | Gained mutation: You have a pair of small antennae on your
                  | head. [demonic ancestry]
  1773 | D:3      | Reached XP level 5. HP: 39/39 MP: 5/5
  2474 | D:4      | Reached XP level 6. HP: 47/47 MP: 6/6
  3199 | D:5      | Entered Level 5 of the Dungeon
  3210 | D:5      | Found a radiant altar of Vehumet.
  3234 | D:5      | Reached * piety under Wu Jian
  3297 | D:5      | Noticed a hippogriff
  3307 | D:5      | Gained mutation: You are partially covered in thin metallic
                  | scales. (AC +2) [demonic ancestry]
  3307 | D:5      | Reached XP level 7. HP: 10/52 MP: 7/7
  3564 | D:5      | Slain by a hippogriff

Illustrated notes

Levels and vault maps discovered:
D:1:      dpeg_arrival_stonehenge_8_columns, layout_rooms
D:2:      layout_basic, old_standard_altar, minitemple, old_standard_altar,
          kennysheep_big_empty_room, wad_floor_pattern_1, minivault_19,
          minmay_crystal_room, minmay_misc_feat_tiny,
          ebering_dispersal_statue_hall, minmay_misc_feat_doors,
          minmay_tromino_v4_c
D:3:      layout_loops_ring, overflow_temple_1_default, first_ration
D:4:      layout_basic
D:5:      layout_rooms, vehumet_altar_wand_db, overflow_temple_1_default,
          minmay_temple_entry_trees, chequers_serial_rivers_room_b

Skill      XL: |  1  2  3  4  5  6 |
---------------+-------------------+-----
Short Blades   | 2 3 |  3.5
Stealth        | 4 |  4.3
Dodging        | 1 2 |  2.9
Long Blades    | 1 2 3 |  3.9
Fighting       | 3 |  3.7
Throwing       | |  1.7

Action                   |  1- 3 |  4- 6 |  7- 9 || total
-------------------------+-------+-------+-------++-------
Melee: Dagger            |   113 |     2 |       ||   115
       Long sword        |       |    89 |     8 ||    97
Invok: Lunge             |       |    12 |       ||    12
  Use: Scroll            |     3 |     1 |       ||     4
 Stab: Sleeping          |     6 |    10 |       ||    16
       Distracted        |       |     3 |       ||     3
  Eat: Chunk             |     1 |     7 |       ||     8
Armor: Plate armour      |    42 |       |       ||    42
       Robe              |     7 |       |       ||     7
       Leather armour    |    13 |    13 |     3 ||    29
Dodge: Dodged            |    37 |    38 |     7 ||    82
       Rpst.: Long sword |       |    10 |     3 ||    13

Table legend:
 A = Non-vault XP
 B = Vault XP
 C = Vault XP percentage of total XP
 D = Non-vault monster count
 E = Vault monster count
 F = Vault count percentage of total count
                 A         B        C        D         E       F
            +---------+---------+-------+---------+---------+-------
      Total |     847 |       5 |   0.6 |      92 |       3 |   3.2
            +---------+---------+-------+---------+---------+-------
        D:1 |      48 |       0 |   0.0 |      26 |       0 |   0.0
        D:2 |      61 |       3 |   4.7 |      20 |       2 |   9.1
        D:3 |     245 |       0 |   0.0 |      23 |       0 |   0.0
        D:4 |     174 |       0 |   0.0 |      14 |       0 |   0.0
        D:5 |     319 |       2 |   0.6 |       9 |       1 |  10.0
            +---------+---------+-------+---------+---------+-------
